 Dungeon Crawl Stone Soup version 0.32-a0-818-gb728d0252e (webtiles) character file.

Game seed: 3582682619468210910

261 AstroCodex24 the Chopper (level 5, -11/41 HPs)
             Began as a Vampire Fighter on Mar 23, 2024.
             Mangled by an ogre
             ... wielding a +0 giant club
              (24 damage)
             ... on level 5 of the Dungeon.
             The game lasted 00:07:38 (1593 turns).

AstroCodex24 the Chopper (Vampire Fighter)          Turns: 1593, Time: 00:07:39

Health: -11/41     AC:  8    Str: 17    XL:     5   Next: 96%
Magic:  5/5        EV:  7    Int: 11    God:
Gold:   134        SH:  8    Dex: 13    Spells: 4/4 levels left

rFire   + + .        a - +0 war axe
rCold   x . .        k - +0 kite shield
rNeg    . . .        r - +1 scale mail {rF+}
rPois   .            (no helmet)
rElec   .            (no cloak)
rCorr   .            l - +0 pair of gloves
SInv    +            (no boots)
Will    .....        h - amulet of regeneration Stlth
                     g - ring of fire
HPRegen 1.26/turn    (no ring)
MPRegen 0.09/turn

%: no passive effects
@: healing quickly
A: alive, fangs 3, see invisible, vampiric 2
a: Exsanguinate


You were on level 5 of the Dungeon.
You visited 1 branch of the dungeon, and saw 5 of its levels.

You collected 134 gold pieces.

Inventory:

Hand Weapons
 a - a +0 war axe (weapon)
Armour
 k - a +0 kite shield (worn)
 l - a +0 pair of gloves (worn)
 r - a +1 scale mail of fire resistance (worn)
Jewellery
 g - a ring of fire (left hand)
 h - an amulet of regeneration (around neck)
Wands
 p - a wand of light (6)
Scrolls
 b - a scroll of fog {unknown}
 e - a scroll of silence {unknown}
 i - a scroll of amnesia
 j - a scroll of enchant armour
 m - a scroll of revelation
 n - a scroll of poison {unknown}
 q - a scroll of blinking {unknown}
Potions
 d - a potion of might
 f - 2 potions of lignification {unknown}
 o - 2 potions of degeneration {unknown}


   Skills:
 + Level 3.4 Fighting
 + Level 4.1 Axes
 + Level 3.1 Armour
 + Level 1.0 Dodging
 + Level 0.3 Stealth
 + Level 3.4 Shields


You had 4 spell levels left.
You didn't know any spells.
Your spell library contained the following spells:

 Spells                   Type           Power      Damage    Failure   Level
 Iskenderun's Battlesphe  Conj           0%         2d6       100%        5
 Bombard                  Conj/Erth      0%         9d1       100%        6
 Spellforged Servitor     Conj/Summ      0%         N/A       100%        7


Dungeon Overview and Level Annotations

Branches:
Dungeon (5/15)             Temple (0/1) D:4

Altars:
Gozag
Kikubaaqudgha
Uskayaw


Innate Abilities, Weirdness & Mutations

Your natural rate of healing is accelerated.
You have razor-sharp teeth.
You have supernaturally acute eyesight. (SInv)
You are afflicted with vampirism and can become a bat while bloodless.


Message History

The white imp is heavily wounded.
You block the white imp's attack.
You slash the white imp!
You kill the white imp!
You enter the shallow water.
Moving in this stuff is going to be slow.
Found 9 gold pieces.
Found an opulent altar of Gozag.
Found a stone staircase leading down.
You now have 127 gold pieces (gained 2).
You now have 129 gold pieces (gained 2).
You now have 131 gold pieces (gained 2).
You now have 132 gold pieces (gained 1).
You now have 133 gold pieces (gained 1).
You now have 134 gold pieces (gained 1).
There is an open door here.
You enter the shallow water.
Moving in this stuff is going to be slow.
You enter the shallow water.
Moving in this stuff is going to be slow.
An ogre comes into view. It is wielding a +0 giant club.
The ogre shouts!
You block the ogre's attack. The ogre barely misses you.
You hit the ogre.
The ogre is lightly wounded.
You hit the plant.
The plant begins to die.
The ogre barely misses you.
You hit the ogre.
The ogre is moderately wounded.
You hit the plant. You block the ogre's attack.
You slash the ogre!
The ogre is heavily wounded.
You hit the plant.
A nearby plant withers and dies.
The ogre hits you with a +0 giant club!!
Ouch! That really hurt!
* * * LOW HITPOINT WARNING * * *
You hit the ogre.
The ogre is severely wounded.
The ogre hits you with a +0 giant club!!
Ouch! That really hurt!
You die...

.......#...#...............#...#
.......#...#...............#...#
.......♣~.♣♣.......#####'###'###.
......♣♣~~~♣####'###.............
#+# ♣~.~♣.....................
..# ♣♣~♣♣♣♣...................
..#♣♣♣♣♣P.~♣♣♣♣♣.................
..#PP♣.~..~~P♣♣~O............)...
....~~~~~.~~~~~.@..........#+###.
..#♣.~♣P~~~♣♣♣♣♣....###...♣~♣ .
..#♣♣♣♣♣~.♣♣ ♣....# ~~.♣~~~~ '##
♣♣~♣ ......#~P~.P~~~~~ ..# P~♣
#######~~~~.~≈~~~~~ ..# ♣~~P
~♣~~~.≈≈≈~P~~ ..# ♣~.P♣ ~P~ ..#
.#... ~~ ..#


You could see an ogre.

Vanquished Creatures
  2 phantoms (D:5)
  A jelly (D:4)
  A hound (D:4)
  An adder (D:5)
  A white imp (D:5)
  A dart slug (D:1)
  6 orcs
  A ball python (D:1)
  5 endoplasms
  3 giant cockroaches (D:1)
  3 goblins (D:1)
  A hobgoblin (D:4)
  2 quokkas (D:1)
  A bat (D:2)
  3 kobolds
  10 rats
42 creatures vanquished.

Notes
Turn   | Place    | Note
-------+----------+-------------------------------------------
     0 | D:1      | AstroCodex24 the Vampire Fighter began the quest for the
                  | Orb.
     0 | D:1      | Reached XP level 1. HP: 17/17 MP: 1/1
   249 | D:1      | Reached XP level 2. HP: 23/23 MP: 2/2
   495 | D:1      | Reached skill level 2 in Axes
   872 | D:2      | Gained mutation: You are afflicted with vampirism and can
                  | become a bat while bloodless. [Vampire growth]
   872 | D:2      | Reached XP level 3. HP: 29/29 MP: 3/3
  1076 | D:4      | Found a staircase to the Ecumenical Temple.
  1082 | D:4      | Reached skill level 3 in Axes
  1082 | D:4      | Reached XP level 4. HP: 20/35 MP: 4/4
  1119 | D:4      | Found a hide-covered altar of Uskayaw.
  1159 | D:4      | Found an ancient bone altar of Kikubaaqudgha.
  1173 | D:4      | You fall into a shaft and drop 1 floor!
  1173 | D:5      | Entered Level 5 of the Dungeon
  1189 | D:5      | Noticed a phantom
  1212 | D:5      | Killed a phantom
  1213 | D:5      | Reached XP level 5. HP: 41/41 MP: 5/5
  1444 | D:5      | Noticed a phantom
  1467 | D:5      | Killed a phantom
  1468 | D:5      | Reached skill level 4 in Axes
  1468 | D:5      | Reached skill level 1 in Dodging
  1534 | D:5      | Found an opulent altar of Gozag.
  1584 | D:5      | Noticed an ogre
  1593 | D:5      | Mangled by an ogre

Illustrated notes

Levels and vault maps discovered:
D:1:      dpeg_arrival_rooms_c, layout_basic
D:2:      layout_loops_ring, shapermc_ecumenical_altar_starsandcircs,
          minmay_rat_gold_closets
D:3:      layout_basic, tgw_fedhas, vehumet_crystals,
          mainiacjoe_overflow_boulevard, nicolae_overflow_crystal_walls,
          uniq_grinder
D:4:      nicolae_cairo_tiling, layout_rooms, worldfamousw_hep_ancestral_shrine,
          mainiacjoe_overflow_two_lobes, minmay_temple_entry_overgrown,
          nicolae_shop_i_like_big_books
D:5:      layout_gridville, nicolae_gozag_seed_capital, serial_bayou,
          serial_bayou_crossing, serial_bayou_shore_a, serial_bayou_pond_e,
          serial_bayou_lagoon_b

Skill      XL: |  1  2  3  4  5 |
---------------+----------------+-----
Shields        | 3 |  3.4
Axes           | 2 3 4 |  4.1
Fighting       | 3 |  3.4
Armour         | 3 |  3.1
Dodging        | 1 |  1.0
Stealth        | |  0.3

Action                     |  1- 3 |  4- 6 || total
---------------------------+-------+-------++-------
  Melee: War axe           |    60 |    38 ||    98
         Bite              |     6 |     3 ||     9
    Use: Scroll            |     1 |     2 ||     3
 Armour: Scale mail        |    36 |    39 ||    75
  Dodge: Dodged            |    32 |    14 ||    46
  Block: Buckler           |    15 |     8 ||    23
         Kite shield       |       |    14 ||    14

Table legend: (Time is in decaauts)
 A = Elapsed time spent in this place.
 B = Non-inter-level travel time spent in this place.
 C = Inter-level travel time spent in this place.
 D = Time resting spent in this place.
 E = Time spent auto-exploring this place.
 F = Levels seen in this place.
 G = Mean time per level.
                   A        B        C        D        E       F      G
               +--------+--------+--------+--------+--------+-----+--------+
         Total |   1641 |   1590 |     51 |      0 |      0 |   5 |  328.2 |
       Dungeon |   1641 |   1590 |     51 |      0 |      0 |   5 |  328.2 |
               +--------+--------+--------+--------+--------+-----+--------+

Top non-repeatable levels by time:
     D:1: 568 daAuts
     D:5: 441 daAuts
     D:2: 362 daAuts
     D:4: 227 daAuts
     D:3: 41 daAuts
